 Dungeon Crawl Stone Soup version 0.22.1-2-g9c5b331 (webtiles) character file.

142 Fang the Chopper (level 5, -1/33 HPs)
             Began as a Gargoyle Berserker on Nov 29, 2018.
             Was a Believer of Trog.
             Killed from afar by a white imp (4 damage)
             ... with a puff of frost
             ... summoned by Natasha
             ... on level 3 of the Dungeon.
             The game lasted 00:03:25 (2063 turns).

Fang the Chopper (Gargoyle Berserker)               Turns: 2063, Time: 00:03:26

Health: -1/33      AC: 10    Str: 22    XL:     5   Next: 25%
Magic:  5/5        EV: 10    Int:  7    God:    Trog [**....]
Gold:   78         SH:  0    Dex:  9    Spells: 4/4 levels left

rFire    . . .     SeeInvis .   a - +0 hand axe
rCold    . . .     Gourm    .   (no shield)
rNeg     + . .     Faith    .   f - +0 scale mail
rPois    ∞         Spirit   .   (no helmet)
rElec    +         Reflect  .   (no cloak)
rCorr    .         Harm     .   (no gloves)
MR       .....                  (no boots)
Stlth    ..........             (no amulet)
HPRegen  0.11/turn              (no ring)
MPRegen  0.09/turn              (no ring)

@: berserk cooldown, slowed, very slow
A: negative energy resistance 1, electricity resistance, unbreathing,
petrification resistance, rot immunity, AC +4
a: Berserk, Trog's Hand, Renounce Religion


You were on level 3 of the Dungeon.
You worshipped Trog.
Trog was pleased with you.
You were not hungry.

You visited 1 branch of the dungeon, and saw 3 of its levels.

You collected 78 gold pieces.

Inventory:

Hand Weapons
 a - a +0 hand axe (weapon)
Armour
 f - a +0 scale mail (worn)
Scrolls
 b - 2 scrolls of identify {unknown}
 d - a scroll of noise {unknown}
 h - a scroll of immolation {unknown}
 i - a scroll of remove curse {unknown}
 j - a scroll of amnesia {unknown}
Potions
 e - 4 potions of haste {unknown}
 g - a potion of lignification {unknown}
Comestibles
 c - 4 rations
 k - a chunk of flesh


   Skills:
 + Level 3.9 Fighting
 + Level 4.1 Axes
 + Level 3.1 Armour
 + Level 2.0 Dodging
 + Level 0.9 Stealth


You had 4 spell levels left.
You didn't know any spells.
Your spell library was empty.

Dungeon Overview and Level Annotations

Branches:
Dungeon (3/15)

Altars:
Nemelex Xobeh

Annotations:
D:3 Natasha


Innate Abilities, Weirdness & Mutations

You are resistant to torment.
Your stone body is resilient. (AC +4)
You are immune to poison.
You resist negative energy. (rN+)
You are resistant to electric shocks. (rElec)
You can survive without breathing.
You are immune to petrification.
You are immune to rotting.


Message History

Natasha is lightly wounded.
You hit the crimson imp. You barely miss the white imp.
The white imp hits you but does no damage.
Natasha stares at you and mumbles some strange words.
You feel as though you will be slow longer.
The crimson imp hits you but does no damage.
The white imp gestures at you. The puff of frost hits you!
* * * LOW HITPOINT WARNING * * *
You hit Natasha.
Natasha is moderately wounded.
You hit the white imp but do no damage. You closely miss the crimson imp.
Natasha casts a spell at you.
You feel as though you will be slow longer.
The crimson imp hits you but does no damage.
The white imp hits you but does no damage.
Natasha claws you but does no damage. The crimson imp completely misses you.
The white imp gestures at you. The puff of frost hits you!
You die...

#...# #.### #.#
#.# #.# #.#
####.#####
####.##........#
...?..h@.......#
......5.5......#
.###(##........#
# #........#
#....>...#
...####### #...#
#.#.#


You could see Natasha, a crimson imp and a white imp.

Vanquished Creatures
  Natasha (D:3)
  Robin (D:2)
  3 adders (D:2)
  An ooze (D:1)
  5 worms (D:2)
  2 dart slugs (D:1)
  An orc (D:2)
  A giant cockroach (D:2)
  19 goblins
  4 hobgoblins (D:2)
  4 jackals (D:2)
  5 bats
  6 frilled lizards
  2 kobolds (D:2)
  3 rats
58 creatures vanquished.

Notes
Turn   | Place    | Note
-------+----------+-------------------------------------------
     0 | D:1      | Fang the Gargoyle Berserker began the quest for the Orb.
     0 | D:1      | Reached XP level 1. HP: 14/14 MP: 1/1
   402 | D:1      | Reached XP level 2. HP: 11/19 MP: 2/2
   537 | D:1      | Reached skill level 3 in Axes
   691 | D:1      | Found a sparkling altar of Nemelex Xobeh.
   950 | D:1      | Reached XP level 3. HP: 20/24 MP: 3/3
  1352 | D:2      | Noticed Robin
  1364 | D:2      | Reached ** piety under Trog
  1364 | D:2      | Reached XP level 4. HP: 29/29 MP: 4/4
  1367 | D:2      | Killed Robin
  1731 | D:2      | Reached skill level 4 in Axes
  1906 | D:2      | Reached XP level 5. HP: 28/33 MP: 5/5
  2030 | D:3      | Noticed Natasha
  2037 | D:3      | Killed Natasha
  2054 | D:3      | Noticed Natasha
  2063 | D:3      | Killed from afar by a white imp

Skill      XL: |  1  2  3  4  5 |
---------------+----------------+-----
Axes           | 3 4 |  4.1
Dodging        | 2 |  2.0
Armour         | 3 |  3.1
Fighting       | |  3.9
Stealth        | |  0.9

Action                   |  1- 3 |  4- 6 || total
-------------------------+-------+-------++-------
Melee: Hand axe          |   101 |    84 ||   185
Invok: Berserk           |     2 |     1 ||     3
  Eat: Chunk             |     2 |     5 ||     7
Armor: Animal skin       |     6 |       ||     6
       Scale mail        |    29 |    52 ||    81
Dodge: Dodged            |    46 |    59 ||   105
